 Dungeon Crawl Stone Soup version 0.19.0-1-g5985abe (webtiles) character file.

738 Alarkh the Grave Robber (level 7, 0/41 HPs)
             Began as a Mummy Necromancer on Nov 2, 2016.
             Was an Initiate of Hepliaklqana.
             Killed from afar by an orc wizard (16 damage)
             ... with a puff of flame
             ... on level 5 of the Dungeon.
             The game lasted 00:07:16 (5084 turns).

Alarkh the Grave Robber (Mummy Necromancer)         Turns: 5084, Time: 00:07:16

Health: 0/41       AC:  6    Str: 12    XL:     7   Next: 46%
Magic:  5/15       EV: 11    Int: 16    God:    Hepliaklqana [......]
Gold:   231        SH:  0    Dex: 12    Spells: 4 memorised, 5 levels left

rFire  x . .     SeeInvis .     j - +0 mace
rCold  + . .     Gourm    .     p - +2 leather armour {MR+}
rNeg   + + +     Faith    .     (no shield)
rPois  ∞         Spirit   .     (no helmet)
rElec  .         Reflect  .     (no cloak)
rCorr  .         Harm     .     (no gloves)
MR     +....                    n - +0 pair of boots
Stlth  +.........               (no amulet)
                                (no ring)
                                (no ring)

@: no status effects
A: no food or potions, fire vulnerability, reduced essence, cold resistance 1,
negative energy resistance 3, torment resistance, unbreathing
a: Recall Ancestor, Ancestor Identity, Renounce Religion


You were on level 5 of the Dungeon.
You worshipped Hepliaklqana.
Hepliaklqana was noncommittal.
You were not hungry.

You visited 2 branches of the dungeon, and saw 7 of its levels.

You collected 285 gold pieces.
You spent 54 gold pieces at shops.

Inventory:

Hand Weapons
 c - a +0 hand axe
 j - a +0 mace (weapon)
Armour
 a - a +0 robe
 n - a +0 pair of boots (worn)
 p - a +2 leather armour of magic resistance (worn)
 r - a +0 cloak
 s - a +0 buckler
Jewellery
 l - an uncursed amulet of harm
Wands
 f - a wand of flame (31/48)
Scrolls
 d - 2 scrolls of fog
 e - a scroll of identify
 g - a scroll of random uselessness {unknown}
 h - a scroll of magic mapping {unknown}
 i - a scroll of teleportation {unknown}
 k - a scroll of immolation {unknown}
 m - a scroll of enchant armour {unknown}
 o - a scroll of recharging {unknown}
 q - 2 scrolls of remove curse {unknown}
Books
 b - a book of Necromancy

   Spells                             Type                      Level
   a - Pain                           Necromancy                   1
   b - Animate Skeleton               Necromancy                   1
   c - Vampiric Draining              Necromancy                   3
   d - Regeneration                   Charms/Necromancy            3
   e - Animate Dead                   Necromancy                   4
   f - Control Undead                 Necromancy                   4


   Skills:
 - Level 1.5 Dodging
 - Level 1.5 Stealth
 + Level 5.8 Spellcasting
 + Level 7.0 Necromancy


You had 5 spell levels left.
You knew the following spells:

 Your Spells              Type           Power        Failure   Level  Hunger
a - Pain                  Necr           ####         1%          1    N/A
b - Vampiric Draining     Necr           ####......   3%          3    N/A
c - Control Undead        Necr           ####......   12%         4    N/A
d - Animate Dead          Necr           N/A          12%         4    N/A

Dungeon Overview and Level Annotations

Branches:
Dungeon (6/15)             Temple (1/1) D:5

Altars:
Ashenzari
Cheibriados
Dithmenos
Elyvilon
Fedhas
Gozag
Hepliaklqana
Kikubaaqudgha
Makhleb
Nemelex Xobeh
Okawaru
Qazlal
Ru
Sif Muna
Trog
Uskayaw
Vehumet
Xom
Yredelemnul
Zin
The Shining One

Shops:
D:4 [


Innate Abilities, Weirdness & Mutations

You do not eat or drink.
Your flesh is vulnerable to fire.
You are immune to poison.
Your flesh is cold resistant. (rC+)
You are immune to negative energy. (rN+++)
You are immune to unholy pain and torment.
You can survive without breathing.
Your life essence is reduced. (-10% HP)


Message History

The orc priest looks braver for a moment.
Casting: Pain
Confirm with . or Enter, or press ? or * to list all spells.
Aiming: Pain
Press: ? - help, Shift-Dir - straight line, f/p - orc priest
Aim: an orc priest, wielding a mace (severely wounded, chance to defeat MR: 84%)
The orc priest barely resists.
Casting: Pain
Confirm with . or Enter, or press ? or * to list all spells.
Aiming: Vampiric Draining
Press: ? - help, Shift-Dir - straight line, f/p - orc priest
Aim: an orc priest, wielding a mace (severely wounded)
You kill the orc priest!
Your Necromancy skill increases to level 7!
You feel life coursing into your body.
You hear some strange, mumbled words.
A puff of flame appears from out of thin air!
Deactivating autopickup; reactivate with Ctrl-A.
The puff of flame hits you! The fire burns you terribly!
You die...

#...........# #.# #.###
#.###...###.########.########.###
#.###...##.....................##
#..........[.....................
#..............).....o...........
#.###...##..####.#.#.########..##
#.# ######.....................##
#.# ####.#####.#.#.###.........
#.#####.....####@#.#.###.####..##
.>..............)................
######......####R#......#####..##
.# #......# #.#............... .#
#.###.#####.#.....(.####..## .###
#.#.......................## ...#
#.#.#.##.##.#.........###.##
.#.###...#.......##.#.###..# #.##
.................##.#.# #..# #.##


You could see the friendly Bintanath the ancestor.

Vanquished Creatures
  Eustachio (D:4)
  A sky beast (D:4)
  An ice beast (D:4)
  A crimson imp (D:5)
  A hound (D:5)
  3 orc priests
  A bullfrog skeleton (D:4)
  An orc wizard (D:5)
  2 worker ants (D:5)
  10 adders
  An ooze (D:1)
  An adder skeleton (D:5)
  2 worms (D:2)
  2 dart slugs
  5 leopard geckos
  12 orcs
  2 ball pythons (D:2)
  3 giant cockroaches
  6 goblins
  6 hobgoblins
  8 jackals
  10 kobolds
  4 quokkas
  5 bats
  4 frilled lizards
  4 rats
97 creatures vanquished.

Vanquished Creatures (others)
  An orc (D:5)
1 creature vanquished.

Grand Total: 98 creatures vanquished

Notes
Turn   | Place    | Note
-------+----------+-------------------------------------------
     0 | D:1      | Alarkh the Mummy Necromancer began the quest for the Orb.
     0 | D:1      | Reached XP level 1. HP: 13/13 MP: 3/3
   149 | D:1      | Reached XP level 2. HP: 14/19 MP: 1/5
   651 | D:1      | Reached XP level 3. HP: 24/24 MP: 4/7
   743 | D:1      | Learned a level 3 spell: Vampiric Draining
  1071 | D:2      | Reached XP level 4. HP: 16/30 MP: 0/8
  1511 | D:2      | Found a glowing golden altar of the Shining One.
  1775 | D:3      | Found a snail-covered altar of Cheibriados.
  1820 | D:3      | Reached skill level 5 in Necromancy
  2394 | D:3      | Reached XP level 5. HP: 27/35 MP: 5/10
  2940 | D:4      | Found Xiacyamm's Armour Shoppe.
  2948 | D:4      | Bought a +0 pair of boots for 54 gold pieces
  3339 | D:5      | Entered Level 5 of the Dungeon
  3342 | D:5      | Noticed Eustachio
  3511 | D:4      | Killed Eustachio
  3511 | D:4      | Reached skill level 6 in Necromancy
  3511 | D:4      | Reached XP level 6. HP: 11/41 MP: 0/13
  3517 | D:4      | Learned a level 4 spell: Control Undead
  3927 | D:5      | Noticed a sky beast
  3928 | D:5      | Reached skill level 5 in Spellcasting
  4024 | D:4      | Killed a sky beast
  4024 | D:4      | Reached XP level 7. HP: 19/46 MP: 0/14
  4271 | D:5      | Found a hide-covered altar of Uskayaw.
  4373 | D:5      | Learned a level 4 spell: Animate Dead
  4500 | D:5      | Found a staircase to the Ecumenical Temple.
  4678 | Temple   | Entered the Ecumenical Temple
  4853 | Temple   | Became a worshipper of Hepliaklqana the Forgotten
  5083 | D:5      | Reached skill level 7 in Necromancy
  5084 | D:5      | Killed from afar by an orc wizard

Skill      XL: |  1  2  3  4  5  6  7 |
---------------+----------------------+-----
Spellcasting   | 3 4 5 |  5.8
Necromancy     | 5 6 7 |  7.0
Dodging        | |  1.5
Stealth        | |  1.5

Action                   |  1- 3 |  4- 6 |  7- 9 || total
-------------------------+-------+-------+-------++-------
Melee: Hand axe          |    59 |     2 |       ||    61
       Unarmed           |     2 |       |       ||     2
       Mace              |       |    40 |    76 ||   116
 Cast: Pain              |    52 |   137 |    23 ||   212
       Vampiric Draining |       |     5 |     2 ||     7
       Animate Dead      |       |       |     1 ||     1
  Use: Scroll            |       |     1 |       ||     1
 Stab: Sleeping          |     1 |     1 |       ||     2
Armor: Robe              |    20 |    17 |       ||    37
       Leather armour    |       |    15 |    41 ||    56
Dodge: Dodged            |    56 |    70 |    46 ||   172
